Map: Fracture LE

Players

WinterSC - Winner!

  • Race: Protoss Protoss
  • League: Master
  • Spawn Location: 5:00

eze

  • Race: Protoss Protoss
  • League: Master
  • Spawn Location: 11:00

VOD

Have the link to the VOD?

Description

Time

  • Played on: Sept. 6, 2018, 9:37 p.m.
  • Length: 13:43
Show
View Real Time Build Order
Export as new Build Order

WinterSC Protoss - Winner!

Build Orders: Phoenix Opening, Mass Phoenix 

Get SALT Encoding   

  12  0:01  Probe  
  13  0:13  Probe  
  14  0:19  Pylon  
  14  0:25  Probe  
  15  0:34  Probe  
  15  0:38  Gateway  
  15  0:42  Probe  
  16  0:48  Assimilator  
  17  0:51  Probe  
  18  1:03  Probe  
  19  1:05  Assimilator  
  19  1:14  Gateway  
  19  1:15  Probe  
  20  1:30  Cybernetics Core  
  20  1:33  Probe  
  20  1:38  Pylon  
  21  1:52  Probe  
  22  1:57  Stalker x2  
  22  2:04  Probe  
  27  2:08  Warp Gate  
  27  2:23  Stargate  
  27  2:33  Adept  
  27  2:36  Pylon  
  29  2:48  Shield Battery  
  29  2:54  Pylon  
  29  3:01  Probe  
  30  3:10  Phoenix  
  32  3:19  Nexus  
  33  3:30  Pylon  
  33  3:32  Pylon  
  32  3:34  Phoenix  
  34  3:52  Probe  
  34  3:53  Phoenix  
  34  4:01  Pylon  
  34  4:02  Pylon  
  36  4:10  Phoenix  
  36  4:21  Pylon x2  
  38  4:27  Probe  
  39  4:35  Phoenix  
  41  4:39  Probe  
  42  4:51  Probe x2  
  42  4:52  Stargate  
  44  4:59  Phoenix  
  44  5:02  Stalker  
  44  5:03  Probe  
  44  5:04  Probe  
  50  5:15  Probe  
  50  5:16  Phoenix  
  50  5:18  Probe  
  54  5:43  Assimilator  
  54  5:46  Assimilator  
  54  5:47  Pylon  
  54  5:57  Pylon  
  54  5:59  Phoenix  
  54  6:00  Pylon  
  54  6:05  Probe x2, Phoenix  
  60  6:14  Adept  
  60  6:16  Phoenix  
  60  6:17  Probe x2  
  64  6:24  Phoenix  
  66  6:29  Probe x2  
  70  6:40  Stalker  
  70  6:41  Probe x2  
  70  6:47  Phoenix  
  74  6:53  Probe x2  
  78  6:58  Phoenix  
  74  7:03  Stalker  
  74  7:05  Probe x2  
  78  7:15  Pylon x3  
  78  7:28  Fleet Beacon  
  78  7:33  Probe, Shield Battery  
  78  7:35  Phoenix, Pylon  
  79  7:41  Phoenix  
  79  7:42  Probe  
  84  7:53  Adept  
  84  7:54  Adept  
  84  8:05  Anion Pulse-Crystals  
  84  8:06  Phoenix  
  84  8:08  Phoenix  
  88  8:28  Forge  
  88  8:31  Probe x2  
  88  8:32  Phoenix  
  92  8:37  Phoenix  
  92  8:41  Pylon  
  94  8:49  Nexus  
  94  8:50  Pylon  
  94  8:57  Phoenix  
  94  9:00  Sentry  
  98  9:05  Probe  
  99  9:12  Phoenix  
  100  9:25  Probe x2  
  102  9:32  Phoenix  
  102  9:37  Phoenix  
  106  9:41  Stalker  
  106  9:42  Stalker  
  110  9:47  Probe  
  110  9:51  Probe  
  112  9:57  Phoenix  
  115  10:00  Probe  
  115  10:03  Probe  
  114  10:08  Phoenix  
  114  10:12  Probe  
  109  10:16  Probe x2  
  109  10:18  Photon Cannon  
  109  10:19  Protoss Air Weapons Level 1  
  111  10:22  Photon Cannon, Phoenix  
  111  10:23  Stargate  
  111  10:25  Photon Cannon, Assimilator  
  113  10:30  Assimilator  
  109  10:46  Phoenix  
  109  10:47  Phoenix  
  105  11:11  Probe, Phoenix  
  106  11:12  Phoenix, Stargate  
  106  11:13  Photon Cannon  
  106  11:16  Photon Cannon  
  106  11:17  Adept  
  106  11:18  Adept  
  112  11:20  Probe  
  113  11:26  Probe x2, Photon Cannon  
  113  11:29  Shield Battery  
  115  11:32  Probe  
  115  11:38  Probe x2  
  118  11:45  Stargate  
  115  11:57  Phoenix  
  115  12:00  Phoenix  
  119  12:06  Phoenix  
  113  12:20  Phoenix  
  113  12:21  Adept x2  
  113  12:22  Probe, Phoenix  
  114  12:30  Phoenix  
  114  12:32  Nexus, Gateway  
  114  12:33  Probe  
  114  12:35  Twilight Council  
  117  12:38  Gateway  
  117  12:54  Phoenix  
  115  13:00  Phoenix x2  
  115  13:03  Photon Cannon  
Show
View Real Time Build Order
Export as new Build Order

eze Protoss 

Build Orders: Oracle Opening, Phoenix Opening 

Get SALT Encoding   

  12  0:00  Probe  
  13  0:13  Probe  
  14  0:19  Pylon  
  14  0:25  Probe  
  15  0:33  Probe  
  15  0:41  Probe, Gateway  
  16  0:48  Assimilator  
  17  0:51  Probe  
  18  1:02  Pylon  
  18  1:06  Assimilator  
  18  1:07  Probe  
  19  1:19  Gateway  
  19  1:28  Cybernetics Core  
  19  1:32  Probe  
  20  1:39  Pylon  
  20  1:44  Probe  
  21  1:57  Adept, Probe  
  21  1:58  Adept  
  22  2:08  Warp Gate  
  26  2:23  Adept  
  26  2:24  Adept  
  30  2:31  Stargate  
  30  2:41  Pylon  
  30  2:59  Stalker x2  
  34  3:08  Oracle  
  35  3:34  Nexus  
  33  3:45  Phoenix  
  35  3:52  Probe  
  36  4:04  Probe  
  36  4:05  Phoenix  
  36  4:06  Pylon  
  37  4:16  Probe  
  37  4:28  Probe  
  37  4:29  Phoenix  
  40  4:38  Pylon  
  40  4:40  Probe  
  41  4:47  Stargate  
  41  4:52  Probe, Phoenix  
  38  4:53  Probe  
  41  5:04  Probe  
  42  5:08  Assimilator  
  42  5:09  Phoenix  
  40  5:16  Probe x2  
  44  5:28  Probe  
  45  5:29  Probe  
  45  5:35  Phoenix  
  43  5:40  Probe  
  43  5:41  Probe  
  47  5:51  Phoenix  
  47  5:53  Probe x2  
  49  6:05  Probe x2, Phoenix  
  53  6:17  Probe x2  
  55  6:23  Phoenix  
  57  6:29  Probe x2, Assimilator  
  59  6:39  Phoenix  
  59  6:41  Probe  
  59  6:43  Probe  
  59  6:44  Stalker  
  65  6:51  Phoenix  
  65  6:54  Probe  
  61  7:01  Probe  
  62  7:04  Phoenix  
  64  7:09  Pylon  
  64  7:11  Probe  
  64  7:13  Probe  
  66  7:16  Phoenix  
  66  7:21  Phoenix  
  68  7:27  Probe x2  
  72  7:35  Pylon  
  72  7:40  Probe x2  
  74  7:55  Fleet Beacon, Pylon  
  74  7:57  Probe x2  
  74  7:58  Phoenix  
  76  8:09  Probe x2  
  76  8:12  Phoenix  
  82  8:20  Anion Pulse-Crystals  
  82  8:22  Twilight Council  
  82  8:23  Gateway  
  82  8:28  Probe x2  
  84  8:45  Nexus  
  84  8:49  Probe x2  
  84  8:55  Pylon  
  86  8:56  Pylon  
  86  9:03  Templar Archives  
  86  9:11  Phoenix  
  86  9:12  Phoenix  
  86  9:14  Probe  
  87  9:25  Stalker x2  
  87  9:28  Phoenix  
  88  9:37  Probe x2  
  90  9:42  Phoenix  
  92  9:49  Probe x2  
  94  9:56  Phoenix  
  92  10:03  Phoenix  
  92  10:04  Stalker  
  88  10:13  Phoenix  
  88  10:22  Phoenix  
  88  10:25  Probe x2  
  94  10:36  Phoenix  
  90  10:43  Phoenix  
  90  10:44  Probe x2  
  90  10:46  Adept x2  
  97  10:53  Phoenix  
  96  11:02  Phoenix  
  92  11:07  Probe x3  
  97  11:12  Assimilator x2  
  97  11:19  Probe x2  
  97  11:21  Phoenix  
  97  11:25  Probe  
  101  11:29  Dark Shrine  
  101  11:31  Probe  
  103  11:35  Probe  
  103  11:36  Probe  
  105  11:46  Phoenix  
  101  11:47  Stargate  
  101  11:48  Stargate  
  102  11:56  Phoenix  
  99  12:04  Phoenix  
  99  12:06  Probe x3  
  97  12:19  Phoenix  
  97  12:22  Probe x3  
  96  12:25  Phoenix  
  96  12:29  Phoenix  
  98  12:32  Phoenix  
  98  12:35  Probe  
  98  12:47  Probe x3  
  98  12:48  Phoenix  
  99  12:54  Phoenix  
  99  12:55  Phoenix  
  92  13:06  Phoenix  
  69  13:31  Adept x2  
  69  13:32  Adept  
Tags
 
Add a new tag
Caveats
  • Supply blocks, unpowered buildings, or Contaminate may cause inaccurate times.
  • Supply counts are checked every 10 seconds.